 Dungeon Crawl Stone Soup version 0.23-a0-641-g0a7f1ce553 (webtiles) character file.

1521 HereIgoKillingAgain the Cleaver (level 8, 0/68 HPs)
             Began as a Deep Dwarf Fighter on Dec 30, 2018.
             Slain by an orc warrior
             ... wielding a +0 glaive
              (21 damage)
             ... on level 6 of the Dungeon.
             The game lasted 00:05:45 (3793 turns).

HereIgoKillingAgain the Cleaver (DDFi)              Turns: 3793, Time: 00:05:45

Health: 0/68       AC:  7    Str: 21    XL:     8   Next: 54%
Magic:  6/6        EV: 10    Int: 10    God:
Gold:   208        SH:  0    Dex: 12    Spells: 7/7 levels left

rFire    . . .     SeeInvis .   a - +0 war axe
rCold    . . .     Gourm    .   (no shield)
rNeg     . . .     Faith    .   g - +1 ring mail {rPois}
rPois    +         Spirit   .   v - +0 helmet
rElec    .         Reflect  .   y - scarf {cloud immunity}
rCorr    .         Harm     .   (no gloves)
MR       +....                  (no boots)
Stlth    +.........             x - amulet of the acrobat
HPRegen  0.00/turn              (no ring)
MPRegen  0.10/turn              (no ring)

@: non-regenerating
A: damage resistance, heal wounds, sense surroundings 1, no regeneration
a: Heal Wounds


You were on level 6 of the Dungeon.
You were hungry.

You visited 1 branch of the dungeon, and saw 6 of its levels.

You collected 208 gold pieces.

Inventory:

Hand Weapons
 a - a +0 war axe (weapon)
Armour
 g - a +1 ring mail of poison resistance (worn)
 v - a +0 helmet (worn)
 y - a scarf of cloud immunity (worn)
Jewellery
 n - an uncursed amulet of the gourmand
 x - an amulet of the acrobat (around neck)
Wands
 w - a wand of iceblast (7)
Scrolls
 h - a scroll of magic mapping
 j - a scroll of noise {unknown}
 l - 2 scrolls of amnesia
 m - 2 scrolls of blinking
 r - 2 scrolls of fog
 s - a scroll of fear
 z - a scroll of teleportation
Potions
 b - a potion of agility
 c - a potion of cancellation
 d - 2 potions of flight
 e - a potion of brilliance
 i - a potion of resistance
 k - a potion of berserk rage
 q - a potion of curing
 t - 2 potions of degeneration {unknown}
 u - a potion of mutation {unknown}
Comestibles
 f - 7 rations


   Skills:
 - Level 2.6 Fighting
 + Level 11.3 Axes
 - Level 3.2 Armour
   Level 3.2 Shields
 + Level 3.4 Evocations


You had 7 spell levels left.
You didn't know any spells.
Your spell library was empty.

Dungeon Overview and Level Annotations

Branches:
Dungeon (6/15)
 Temple: D:4-7

Altars:
Gozag
Ru
Trog
Xom


Innate Abilities, Weirdness & Mutations

You are resistant to damage.
You can heal yourself by infusing magical energy.
You passively map a small area around you.
You do not regenerate.


Message History

Evoke which item? (* to show all) (? for menu, Esc to quit)
Aiming: Iceblast
Press: ? - help, Shift-Dir - straight line The mass of ice explodes!
The iceblast engulfs the orc warrior.
The orc warrior is moderately wounded.
The iceblast engulfs the orc.
You kill the orc!
You hear a chilling moan.
The orc hits you with a +0 hand axe.
The orc warrior hits you with a +0 glaive!
Evoke which item? (* to show all) (? for menu, Esc to quit)
Aiming: Iceblast
Press: ? - help, Shift-Dir - straight line The mass of ice explodes!
The iceblast engulfs the orc warrior.
The orc warrior is severely wounded.
The iceblast engulfs the worker ant.
The worker ant is severely wounded.
The orc hits you with a +0 hand axe.
The orc warrior hits you with a +0 glaive!!
You die...

######....###* *
#............... , .... ,
#............... ....
#...............,,...,,
##..##..##.####.# ..#
##..##+###.# #>##..# ,, *
, .........# . #.o...#,,,
.........#....#.oo).# ,
.........#....#.@a..#
.........#... #.....#, ,,
, .........#.. ,#)....# ,
#######.##.# *#.....# *
##...##'##.####.....# , *
* #.....#.............##
, #.....#................
#.....#................
##...#################..,
,


You could see an orc warrior, a worker ant, an orc priest and an orc.

Vanquished Creatures
  The ghost of Skallagrim the Magician, an amateur DEEE (D:3)
  Duvessa (D:5)
  2 black bears (D:6)
  An ogre (D:6)
  A phantom (D:4)
  A bullfrog (D:6)
  Dowan (D:5)
  2 scorpions (D:4)
  A crimson imp (D:6)
  5 bullfrog skeletons
  3 hounds
  2 orc priests
  A centaur skeleton (D:5)
  2 orc wizards (D:5)
  2 iguanas
  3 worker ants
  A worker ant zombie (D:6)
  Robin (D:4)
  A gnoll (D:4)
  8 adders
  An ooze (D:1)
  An adder zombie (D:5)
  An adder skeleton (D:6)
  2 worms
  3 leopard geckos
  16 orcs
  3 ball pythons
  13 goblins
  7 hobgoblins
  7 jackals (D:6)
  A quokka (D:3)
  4 bats
  5 frilled lizards
  A giant cockroach zombie (D:6)
  4 kobolds
  A leopard gecko skeleton (D:4)
  A leopard gecko zombie (D:4)
  A rat (D:3)
112 creatures vanquished.

Notes
Turn   | Place    | Note
-------+----------+-------------------------------------------
     0 | D:1      | HereIgoKillingAgain the Deep Dwarf Fighter began the quest
                  | for the Orb.
     0 | D:1      | Reached XP level 1. HP: 20/20 MP: 1/1
   137 | D:1      | Reached skill level 3 in Axes
   137 | D:1      | Reached XP level 2. HP: 27/27 MP: 2/2
   717 | D:2      | Found a shimmering altar of Xom.
   892 | D:2      | Reached skill level 4 in Axes
   892 | D:2      | Reached XP level 3. HP: 23/33 MP: 3/3
  1187 | D:3      | Reached XP level 4. HP: 26/40 MP: 4/4
  1196 | D:3      | Found a runed door.
  1196 | D:3      | Noticed Skallagrim's ghost (amateur DEEE)
  1215 | D:3      | Reached skill level 5 in Axes
  1251 | D:3      | Killed Skallagrim's ghost
  1251 | D:3      | Reached skill level 6 in Axes
  1251 | D:3      | Reached XP level 5. HP: 20/46 MP: 5/5
  1327 | D:3      | Found a sacrificial altar of Ru.
  1439 | D:3      | Found a bloodstained altar of Trog.
  1870 | D:4      | Reached skill level 7 in Axes
  1870 | D:4      | Reached XP level 6. HP: 24/55 MP: 6/6
  1917 | D:4      | Noticed Robin
  1981 | D:4      | Killed Robin
  2279 | D:4      | Reached skill level 8 in Axes
  2317 | D:4      | Found an opulent altar of Gozag.
  2449 | D:4      | Reached XP level 7. HP: 25/61 MP: 7/7
  2845 | D:5      | Entered Level 5 of the Dungeon
  2870 | D:5      | Noticed Duvessa
  2871 | D:5      | Noticed Dowan
  2880 | D:5      | Killed Duvessa
  2880 | D:5      | Reached skill level 9 in Axes
  2901 | D:5      | Killed Dowan
  3129 | D:5      | Reached skill level 10 in Axes
  3351 | D:5      | Reached XP level 8. HP: 40/68 MP: 6/6
  3626 | D:6      | Reached skill level 11 in Axes
  3793 | D:6      | Slain by an orc warrior

Vault maps used:
D:1:      elethiomel_arrival_shortcut, minmay_misc_feat_secret_circle,
          chequers_serial_rivers_small_3
D:2:      lemuel_crystal_altar, item_on_display_b
D:3:      marbit_many_paths, gammafunk_ghost_grave, first_ration,
          trog_three_pillars_becter
D:4:      minmay_wonky_spiral, nicolae_gozag_cash_rules_everything_around_me,
          uniq_robin
D:5:      serial_bayou_ford_a, uniq_duvessa
D:6:      elyvilon_altar_5

Skill      XL: |  1  2  3  4  5  6  7  8 |
---------------+-------------------------+-----
Axes           | 3 4 6 7 8 10 11 | 11.3
Evocations     | 3 |  3.4
Fighting       | |  2.6
Armour         | |  3.2
Shields        | |  3.2

Action                   |  1- 3 |  4- 6 |  7- 9 || total
-------------------------+-------+-------+-------++-------
Melee: War axe           |    62 |   161 |   205 ||   428
 Abil: Heal Wounds       |       |     2 |     5 ||     7
Evoke: Wand              |       |       |     3 ||     3
  Use: Potion            |       |     1 |     2 ||     3
       Scroll            |       |       |    16 ||    16
  Eat: Chunk             |       |     5 |     4 ||     9
Armor: Scale mail        |    11 |       |       ||    11
       Chain mail        |    24 |    93 |    32 ||   149
       Ring mail         |       |       |    75 ||    75
Dodge: Dodged            |    33 |    73 |    85 ||   191

Table legend:
 A = Non-vault XP
 B = Vault XP
 C = Vault XP percentage of total XP
 D = Non-vault monster count
 E = Vault monster count
 F = Vault count percentage of total count
                 A         B        C        D         E       F
            +---------+---------+-------+---------+---------+-------
      Total |    1620 |     554 |  25.5 |      92 |      20 |  17.9
            +---------+---------+-------+---------+---------+-------
        D:1 |      16 |       0 |   0.0 |       7 |       0 |   0.0
        D:2 |      54 |       0 |   0.0 |       8 |       0 |   0.0
        D:3 |      62 |     161 |  72.2 |      15 |       2 |  11.8
        D:4 |     403 |     178 |  30.6 |      20 |      16 |  44.4
        D:5 |     382 |     215 |  36.0 |      18 |       2 |  10.0
        D:6 |     703 |       0 |   0.0 |      24 |       0 |   0.0
            +---------+---------+-------+---------+---------+-------
